[Event "26th OIBM 2023"]
[Site "Gmund am Tegernsee"]
[Date "2023.10.30"]
[Round "3.30"]
[White "Schleich, Theodor"]
[Black "Pollmann, Sascha"]
[Result "0-1"]
[ECO "A80"]
[WhiteElo "1830"]
[BlackElo "2061"]
[Annotator "NA RC"]
[PlyCount "88"]
[EventDate "2023.10.04"]
[EventType "swiss"]
[EventCountry "GER"]
[SourceTitle "playchess.com"]
[Source "ChessBase"]
[SourceQuality "1"]
[TimeControl "40/5400+30:1800+30"]

1. d4 f5 2. Bg5 g6 3. Nc3 Bg7 4. e3 d5 5. h4 c6 6. h5 h6 7. Bf4 g5 8. Bg3 Nf6 9. Nf3 Nbd7 10. Ne5 Nxe5 11. Bxe5 O-O 12. Bd3 Ne4 13. Bxg7 Kxg7 14. Qe2 Qd6 15. a3 Nxc3 16. bxc3 e5 17. Qd2 e4 18. Be2 Be6 19. O-O Bf7 20. g4 fxg4 21. Bxg4 Be6 22. Qe2 Bxg4 23. Qxg4 Rf3 24. c4 Raf8 25. Rab1 b6 26. c5 Qf6 27. cxb6 axb6 28. Qg2 b5 29. a4 bxa4 30. Rb4 Qf7 31. Rxa4 Qxh5 32. c4 Rxf2 33. Ra7+ R2f7 34. Qf2 Qg4+ 35. Kh2 Qh5+ 36. Kg1 Qf3 37. Qxf3 exf3 38. Rxf7+ Rxf7 39. cxd5 cxd5 40. Kf2 g4 41. Kg3 h5 42. Kh4 Kg6 43. Ra1 f2 44. Rf1 Rf3 0-1

[Event "26th OIBM 2023"]
[Site "Gmund am Tegernsee"]
[Date "2023.10.30"]
[Round "3.31"]
[White "Oyberman, Mikhail"]
[Black "Barthel, Ansgar"]
[Result "1/2-1/2"]
[ECO "B27"]
[WhiteElo "1819"]
[BlackElo "2056"]
[Annotator "NA RC"]
[PlyCount "106"]
[EventDate "2023.10.04"]
[EventType "swiss"]
[EventCountry "GER"]
[SourceTitle "playchess.com"]
[Source "ChessBase"]
[SourceQuality "1"]
[TimeControl "40/5400+30:1800+30"]

1. e4 g6 2. d4 Bg7 3. Nf3 c5 4. c3 Qa5 5. Nbd2 cxd4 6. Nb3 Qb6 7. cxd4 d6 8. Bd3 Bg4 9. Be3 Nf6 10. O-O O-O 11. h3 Bxf3 12. Qxf3 Nc6 13. Rad1 Nd7 14. Bb1 a5 15. Qe2 d5 16. exd5 Nb4 17. Nc5 Nf6 18. a3 Nbxd5 19. Ba2 Rfd8 20. Bg5 h6 21. Bh4 e6 22. Rfe1 Nf4 23. Qf3 g5 24. Bg3 Qxb2 25. Bxf4 Qxa2 26. Be5 Qd5 27. Qxd5 Rxd5 28. Nxb7 Nd7 29. Bxg7 Kxg7 30. Nc5 Nxc5 31. dxc5 Rxc5 32. Re3 Rac8 33. Rd7 Rc1+ 34. Kh2 R8c7 35. Rxc7 Rxc7 36. Re5 a4 37. Re4 Ra7 38. g3 Ra5 39. Kg2 Kf6 40. Kf3 h5 41. Rb4 Kg6 42. Re4 Ra6 43. Ke3 f5 44. Rb4 Kf6 45. Kf3 Ra5 46. Rc4 g4+ 47. hxg4 hxg4+ 48. Ke3 Ke5 49. Rb4 Kd5 50. Kf4 Ra6 51. Ke3 Ra5 52. Kf4 Ra6 53. Ke3 Ke5 1/2-1/2

[Event "26th OIBM 2023"]
[Site "Gmund am Tegernsee"]
[Date "2023.10.30"]
[Round "3.32"]
[White "Semprun Martinez, Fernando"]
[Black "Groessing, Daniel-Yosuke"]
[Result "1-0"]
[ECO "A29"]
[WhiteElo "2064"]
[BlackElo "1755"]
[Annotator "NA RC"]
[PlyCount "65"]
[EventDate "2023.10.04"]
[EventType "swiss"]
[EventCountry "GER"]
[SourceTitle "playchess.com"]
[Source "ChessBase"]
[SourceQuality "1"]
[TimeControl "40/5400+30:1800+30"]

1. c4 e5 2. Nc3 Nf6 3. Nf3 Nc6 4. g3 Bc5 5. Bg2 O-O 6. O-O a6 7. a3 d6 8. b4 Bb6 9. d3 h6 10. Bb2 Be6 11. Rc1 a5 12. b5 Nb8 13. Na4 Nbd7 14. d4 e4 15. Nd2 d5 16. cxd5 Bxd5 17. Nxb6 Nxb6 18. Qc2 e3 19. fxe3 Bxg2 20. Kxg2 Qd5+ 21. Rf3 Qxb5 22. Nf1 c6 23. e4 Rae8 24. e5 Nfd7 25. Rb1 Qd5 26. e4 Qe6 27. Bc3 Ra8 28. Ne3 g6 29. Qd2 Ra6 30. d5 cxd5 31. exd5 Qe7 32. Ng4 Qg5 33. Nxh6+ 1-0

[Event "26th OIBM 2023"]
[Site "Gmund am Tegernsee"]
[Date "2023.10.30"]
[Round "3.33"]
[White "Gierhardt, Vito"]
[Black "Bianco, Valerio"]
[Result "0-1"]
[ECO "B59"]
[WhiteElo "1648"]
[BlackElo "2055"]
[Annotator "NA RC"]
[PlyCount "132"]
[EventDate "2023.10.04"]
[EventType "swiss"]
[EventCountry "GER"]
[SourceTitle "playchess.com"]
[Source "ChessBase"]
[SourceQuality "1"]
[TimeControl "40/5400+30:1800+30"]

1. e4 c5 2. Nf3 d6 3. d4 cxd4 4. Nxd4 Nf6 5. Nc3 Nc6 6. Be2 e5 7. Nb3 Be7 8. Be3 Be6 9. Bf3 Na5 10. O-O Nc4 11. Bc1 O-O 12. Nd2 Rc8 13. Nxc4 Rxc4 14. Be3 a6 15. a4 Qd7 16. Re1 Rfc8 17. a5 h6 18. Qd3 Qc6 19. h3 Rb4 20. Reb1 Nd7 21. Bd1 Nc5 22. Nd5 Bxd5 23. exd5 Qc7 24. Qc3 Ra4 25. Bg4 Rxa1 26. Rxa1 Nd7 27. Qd3 Re8 28. Qf5 Nf6 29. Bf3 Rc8 30. c3 Qc4 31. Rd1 g6 32. Qc2 Kh7 33. Be2 Qc7 34. Bb6 Qd7 35. c4 Bd8 36. Qb3 Bxb6 37. Qxb6 Qc7 38. Qxc7 Rxc7 39. b4 Nd7 40. Rb1 Kg7 41. Kf1 f5 42. Ke1 Kf6 43. Kd2 Ke7 44. g4 f4 45. Bd3 Kf6 46. Kc3 Kg7 47. Kd2 Nf6 48. b5 Nd7 49. h4 Kf7 50. h5 g5 51. Bf5 Nc5 52. bxa6 Nxa6 53. Bd3 Ke7 54. Rb6 Nc5 55. f3 Rc8 56. Bf5 Ra8 57. Rb5 Rxa5 58. Rxa5 Nb3+ 59. Kc3 Nxa5 60. Kb4 b6 61. Kb5 Kd8 62. Bd3 Kc7 63. Be4 Nb3 64. Kb4 Nd2 65. Kc3 Nxe4+ 66. fxe4 Kb7 0-1

[Event "26th OIBM 2023"]
[Site "Gmund am Tegernsee"]
[Date "2023.10.30"]
[Round "3.34"]
[White "Mueller, Kai-Markus"]
[Black "Oyberman, Iliia"]
[Result "1/2-1/2"]
[ECO "E09"]
[WhiteElo "2179"]
[BlackElo "1638"]
[Annotator "RC"]
[PlyCount "185"]
[EventDate "2023.10.04"]
[EventType "swiss"]
[EventCountry "GER"]
[SourceTitle "playchess.com"]
[Source "ChessBase"]
[SourceQuality "1"]
[TimeControl "40/5400+30:1800+30"]

1. d4 d5 2. Nf3 e6 3. g3 Nf6 4. Bg2 Be7 5. O-O O-O 6. c4 c6 7. Qc2 Nbd7 8. Nbd2 Qc7 9. e4 dxe4 10. Nxe4 Nxe4 11. Qxe4 Nf6 12. Qe2 b6 13. Bf4 Bd6 14. Ne5 Bb7 15. c5 Bxe5 16. Bxe5 Qc8 17. Bxf6 gxf6 18. Qh5 Qd8 19. Rad1 f5 20. Qh6 Qe7 21. Rfe1 Rfd8 22. g4 Qf8 23. Qg5+ Qg7 24. Qxg7+ Kxg7 25. gxf5 exf5 26. Re7 Rab8 27. cxb6 axb6 28. Rc7 Rdc8 29. Rxc8 Rxc8 30. b4 Rc7 31. Rc1 Rd7 32. Bxc6 Rc7 33. d5 Kf6 34. Re1 Bxc6 35. Rc1 Ke5 36. Rxc6 Ra7 37. d6 Ke6 38. Rxb6 Rxa2 39. Kg2 Rb2 40. Kg3 Kd7 41. h3 Ke6 42. f3 Rb1 43. Kf4 Rb3 44. h4 Rc3 45. b5 Rb3 46. h5 h6 47. d7+ Kxd7 48. Rxh6 Rxb5 49. Rf6 Ke7 50. Rxf5 Rb1 51. Ra5 Kf6 52. Ra6+ Kg7 53. h6+ Kh7 54. Rf6 Rb5 55. Rxf7+ Kxh6 56. Rf5 Rb6 57. Ke5 Kg6 58. Rf8 Kg7 59. Rf4 Kg6 60. Rf8 Kg7 61. Rd8 Kf7 62. Rd7+ Ke8 63. Rd6 Rb3 64. f4 Ke7 65. Rh6 Rb5+ 66. Ke4 Ra5 67. Rb6 Rc5 68. Kf3 Kf7 69. Kg4 Ra5 70. Rh6 Kg7 71. Rb6 Kf7 72. Rc6 Rb5 73. Rh6 Kg7 74. Re6 Kf7 75. Rd6 Ra5 76. Kf3 Rb5 77. Ke4 Ra5 78. Rb6 Rc5 79. Rh6 Ra5 80. Rd6 Rb5 81. f5 Rb1 82. Rd4 Re1+ 83. Kf4 Rf1+ 84. Ke5 Re1+ 85. Re4 Rxe4+ 86. Kxe4 Kf6 87. Kf4 Kf7 88. Ke5 Ke7 89. f6+ Kf7 90. Kf5 Kf8 91. Kg6 Kg8 92. f7+ Kf8 93. Kf6 1/2-1/2

[Event "26th OIBM 2023"]
[Site "Gmund am Tegernsee"]
[Date "2023.10.30"]
[Round "3.35"]
[White "Jerie, Sven"]
[Black "Mirzoyan, Davit A."]
[Result "1/2-1/2"]
[ECO "B28"]
[WhiteElo "2055"]
[BlackElo "1463"]
[Annotator "NA RC"]
[PlyCount "78"]
[EventDate "2023.10.04"]
[EventType "swiss"]
[EventCountry "GER"]
[SourceTitle "playchess.com"]
[Source "ChessBase"]
[SourceQuality "1"]
[TimeControl "40/5400+30:1800+30"]

1. e4 c5 2. Nf3 a6 3. c3 d5 4. exd5 Qxd5 5. d4 e6 6. Be3 Nd7 7. c4 Qd6 8. Nc3 Ngf6 9. Qa4 Qc6 10. Qxc6 bxc6 11. dxc5 Ng4 12. Bd2 a5 13. h3 Ngf6 14. Be3 Bxc5 15. Bxc5 Nxc5 16. Ne5 Ra6 17. Be2 Nfd7 18. Nxd7 Bxd7 19. O-O-O e5 20. Rhe1 Be6 21. Bf1 f6 22. Rd6 Ke7 23. Red1 Rb6 24. g3 Rhb8 25. R1d2 Bf5 26. g4 Bg6 27. Nd1 Bf7 28. Nc3 R8b7 29. Bg2 Rxb2 30. Rxc6 Rxd2 31. Kxd2 Rb2+ 32. Ke3 Nd7 33. Nd5+ Bxd5 34. Bxd5 Rxa2 35. Re6+ Kd8 36. Rd6 Ra3+ 37. Ke4 Ke7 38. Re6+ Kd8 39. Rd6 Ke7 1/2-1/2

[Event "26th OIBM 2023"]
[Site "Gmund am Tegernsee"]
[Date "2023.10.30"]
[Round "3.36"]
[White "Linster, Philippe"]
[Black "Chua, Daniel James"]
[Result "1-0"]
[ECO "A49"]
[WhiteElo "2303"]
[BlackElo "1446"]
[Annotator "RC"]
[PlyCount "117"]
[EventDate "2023.10.04"]
[EventType "swiss"]
[EventCountry "GER"]
[SourceTitle "playchess.com"]
[Source "ChessBase"]
[SourceQuality "1"]
[TimeControl "40/5400+30:1800+30"]

1. d4 Nf6 2. Nf3 g6 3. g3 Bg7 4. Bg2 O-O 5. O-O d6 6. Nc3 Re8 7. a4 Nbd7 8. a5 a6 9. e4 e5 10. dxe5 Nxe5 11. Nxe5 dxe5 12. Qxd8 Rxd8 13. Bg5 Re8 14. Rfd1 Be6 15. Na4 h6 16. Be3 Rad8 17. Nc5 Bc8 18. f3 Nd7 19. Nb3 Nb8 20. Bf1 Nc6 21. c3 Bf8 22. Bc4 Be6 23. Bxe6 Rxd1+ 24. Rxd1 Rxe6 25. Nc5 Bxc5 26. Bxc5 Re8 27. Rd7 Rd8 28. Rxc7 Rd1+ 29. Kf2 Rd2+ 30. Ke3 Rxb2 31. Bb6 Rb5 32. Kd3 Rb2 33. Kc4 Kg7 34. Kc5 Nd8 35. Rd7 Nc6 36. Kd6 Rc2 37. Rxb7 Rxc3 38. Rc7 Nd4 39. Rxc3 Nb5+ 40. Kxe5 Nxc3 41. Kd6 Kf8 42. Kd7 g5 43. Bc5+ Kg8 44. Kc6 g4 45. fxg4 Nxe4 46. Be3 Kg7 47. Kb6 Nd6 48. Kxa6 Nc4 49. Bf4 Kg6 50. Kb5 Nxa5 51. Kxa5 h5 52. gxh5+ Kxh5 53. Kb5 Kg4 54. h4 f5 55. Kc5 Kh5 56. Kd5 Kg4 57. Ke5 Kh5 58. Kf6 Kg4 59. Kg6 1-0

[Event "26th OIBM 2023"]
[Site "Gmund am Tegernsee"]
[Date "2023.10.30"]
[Round "3.37"]
[White "Gopal G.N."]
[Black "Hoy, Bernd"]
[Result "1-0"]
[ECO "B45"]
[WhiteElo "2573"]
[BlackElo "2251"]
[Annotator "TA"]
[PlyCount "77"]
[EventDate "2023.10.04"]
[EventType "swiss"]
[EventCountry "GER"]
[SourceTitle "playchess.com"]
[Source "ChessBase"]
[SourceQuality "1"]
[TimeControl "40/5400+30:1800+30"]

1. e4 c5 2. Nf3 e6 3. d4 cxd4 4. Nxd4 Nc6 5. Nc3 Nf6 6. a3 Be7 7. Be3 O-O {[%emt 0:01:17] B45: Sicilian Four Knights.} 8. Be2 d5 {[%emt 0:02:01] 8...d6 is the fancy move.} 9. exd5 Nxd5 {[%emt 0:03:18] The position is equal.} 10. Nxd5 Qxd5 11. Bf3 {[%emt 0:00:37][%mdl 64] [#] Deflection} Qe5 $146 (11... Qa5+ $11 12. b4 Qc7 13. Nxc6 bxc6) ({Predecessor:} 11... Qc4 12. Nxc6 bxc6 13. Be2 Qh4 14. Qd4 Qxd4 15. Bxd4 c5 16. Bf3 Rb8 17. Be5 Rb6 {1-0 Narayanan,S (2540)-Shyam,S (2518) Sukooon Resort Indian rapid 2020 (4.1)}) 12. Nxc6 (12. Bxc6 {simplifies} bxc6 13. Nxc6 Qc7 14. Nxe7+ Qxe7 15. O-O) 12... bxc6 13. Qd4 Qb5 14. O-O-O Rb8 {[%emt 0:05:12] [#] White must now prevent ...Bf6.} 15. a4 (15. Qxa7 $2 Rb7 16. Qd4 Bf6 $19) 15... Qa5 {[%emt 0:10:32] Black is now going downhill.} (15... Qf5 $14) 16. Qxa7 $16 (16. Bxc6 $2 Bf6 17. Bd2 Qc7 $19) 16... Qb4 17. Qd4 {[%emt 0:02:28] Threatens to win with Qxb4. Active counter play!} (17. Bxc6 $2 Qxb2+ 18. Kd2 Bb4+ 19. Ke2 Qxc2+ 20. Kf3 Qxc6+ $19) 17... Qa5 18. Bd2 (18. Bxc6 $2 {perishes.} Bf6 $19) 18... Qa6 (18... Qf5 $16 {was worth a try.} 19. Qe3 (19. Bxc6 Bf6 $19) 19... Bf6) 19. Bc3 $18 f6 20. a5 c5 21. Qe3 Kh8 (21... c4 $16 22. Qf4 e5 23. Bd5+ Kh8 24. Qxc4 Qa7) 22. Rhe1 Bd6 (22... e5 $142 23. Bd5 Bf5) 23. g3 Rg8 24. Be2 Qc6 25. Bc4 Re8 26. h4 Bf8 27. b3 Ba6 28. Qe2 (28. Bxe6 c4 29. Qe4 Qc5 $16) 28... Bxc4 29. Qxc4 ({Not} 29. bxc4 Qa4 30. Kd2 Qa3 $14) 29... Qf3 30. Re2 (30. Rxe6 $2 {loses.} Rxe6 31. Qxe6 Qxc3 $19) 30... e5 31. Kb2 Qc6 32. Red2 h6 33. Rd7 e4 (33... Qf3 $142 34. g4 Qc6) 34. g4 e3 35. fxe3 {[%emt 0:00:05][%cal Og4g5] Hoping for g5!} Qg2 36. a6 Re4 37. a7 Rc8 38. Qd5 c4 39. Rd2 {[%emt 0:00:50] Weighted Error Value: White=0.12 (very precise) /Black=0.60} (39. a8=Q $142 Rce8 40. Qxe8 Rxe8 41. Qxg2 Kh7 42. Rd8 Rxe3 43. Rxf8 Kg6 44. Qd5) 1-0

[Event "26th OIBM 2023"]
[Site "Gmund am Tegernsee"]
[Date "2023.10.30"]
[Round "3.38"]
[White "Raupp, Thomas"]
[Black "Petrov, Nikita"]
[Result "1/2-1/2"]
[ECO "E35"]
[WhiteElo "2239"]
[BlackElo "2551"]
[Annotator "TA"]
[PlyCount "79"]
[EventDate "2023.10.04"]
[EventType "swiss"]
[EventCountry "GER"]
[SourceTitle "playchess.com"]
[Source "ChessBase"]
[SourceQuality "1"]
[TimeControl "40/5400+30:1800+30"]

1. d4 Nf6 2. c4 e6 3. Nc3 Bb4 4. Qc2 d5 5. cxd5 exd5 6. Bg5 h6 7. Bh4 $1 {[%emt 0:01:43] 7.Bh4 scores better than 7.Bxf6.} g5 {[%emt 0:02:16] E35: Nimzo-Indian: Classical: 4...d5 5 cxd5 exd5.} 8. Bg3 h5 9. e3 h4 10. Be5 Nbd7 11. h3 Bxc3+ 12. bxc3 Nxe5 13. dxe5 Ne4 14. Bd3 Nc5 15. Bf5 Bxf5 16. Qxf5 {[%emt 0:01:40] [#]} Qe7 $146 ({Predecessor:} 16... Qd7 17. Qxg5 Qb5 18. Ne2 Nd3+ 19. Kf1 Qb2 20. Rd1 Qc2 21. Ra1 Qb2 22. Rd1 Qc2 23. Ra1 Qb2 24. Rd1 Qc2 {½-½ Pershin,D (2397)-Petrov,N (2560) RUS-chT 29th 2022 (3.1)}) 17. Ne2 Qe6 18. Qxg5 Nd3+ 19. Kf1 Qxe5 20. Qxe5+ Nxe5 21. Nf4 O-O-O 22. Ke2 Nc4 23. Rhd1 c6 24. Rd4 Nd6 25. Rc1 a5 26. Nd3 Rdg8 27. Kf1 Ne4 28. Ne1 b5 29. a4 {[%emt 0:08:12] Strongly threatening axb5.} Nc5 {[%emt 0:00:16] White must now prevent ...Nb3.} 30. axb5 {[%emt 0:06:15] Rcd1 would be deadly.} Nb3 31. Rc2 (31. Rb1 $1 $11 {and White is okay.} Nxd4 32. cxd4) 31... Nxd4 $19 ({Don't take} 31... cxb5 32. Rxd5 Kc7 33. Rxb5 $18) 32. cxd4 {[%emt 0:00:02][%mdl 4096] Endgame KRR-KRN} Rh6 ({Better is} 32... Kb7 $1 33. bxc6+ Kc7) 33. Nd3 Kb7 34. Nc5+ Kc7 ({Black should play} 34... Kb6 $17 35. bxc6 Ra8) 35. Na4 {[%emt 0:01:06] [#]} (35. b6+ $1 $15 Kxb6 36. Rb2+ Ka7 37. Ra2 (37. Rb7+ Ka8 $17)) 35... Rhg6 (35... Rb8 $1 $17 36. b6+ Rxb6 37. Nxb6 Kxb6) 36. b6+ $1 $11 Kd6 {[%emt 0:00:04] [#]} (36... Kb8 $11) 37. f3 (37. b7 $1 $16) 37... Re6 {[%emt 0:03:18] The position is equal.} 38. Kf2 Reg6 39. Kf1 Re6 40. Rb2 {[%emt 0:02:02] Weighted Error Value: White=0.23 (precise) /Black=0.19 (very precise)} (40. Kf2 $11) 1/2-1/2

[Event "26th OIBM 2023"]
[Site "Gmund am Tegernsee"]
[Date "2023.10.30"]
[Round "3.39"]
[White "Kulaots, Kaido"]
[Black "Wacker, Peter"]
[Result "1-0"]
[ECO "C42"]
[WhiteElo "2508"]
[BlackElo "2234"]
[Annotator "RC"]
[PlyCount "33"]
[EventDate "2023.10.04"]
[EventType "swiss"]
[EventCountry "GER"]
[SourceTitle "playchess.com"]
[Source "ChessBase"]
[SourceQuality "1"]
[TimeControl "40/5400+30:1800+30"]

1. e4 e5 2. Nf3 Nf6 3. Nxe5 d6 4. Nf3 Nxe4 5. d4 d5 6. Bd3 Bd6 7. O-O O-O 8. Re1 Bf5 9. c4 c6 10. Ng5 Bg6 11. Bxe4 dxe4 12. Nc3 Re8 13. Ngxe4 Bxe4 14. Nxe4 Bxh2+ 15. Kxh2 Qh4+ 16. Kg1 Rxe4 17. Bg5 1-0

[Event "26th OIBM 2023"]
[Site "Gmund am Tegernsee"]
[Date "2023.10.30"]
[Round "3.40"]
[White "Moeldner, Juergen"]
[Black "Schneider, Ilja"]
[Result "0-1"]
[ECO "C50"]
[WhiteElo "2227"]
[BlackElo "2468"]
[Annotator "RC"]
[PlyCount "130"]
[EventDate "2023.10.04"]
[EventType "swiss"]
[EventCountry "GER"]
[SourceTitle "playchess.com"]
[Source "ChessBase"]
[SourceQuality "1"]
[TimeControl "40/5400+30:1800+30"]

1. e4 e5 2. Nf3 Nc6 3. Bc4 Bc5 4. d3 Nf6 5. Nc3 O-O 6. Bg5 h6 7. Be3 Bxe3 8. fxe3 d6 9. a3 Ne7 10. Qd2 c6 11. Bb3 a5 12. O-O Ng6 13. Rad1 b5 14. Ne2 Ra7 15. Ng3 Re8 16. h3 d5 17. exd5 cxd5 18. Qf2 Rc7 19. d4 e4 20. Nh2 Qd6 21. Rd2 a4 22. Ba2 b4 23. axb4 Qxb4 24. Rb1 Kh7 25. Nhf1 Be6 26. Qe1 Rec8 27. Qd1 Rc6 28. Rf2 Qe7 29. Ra1 Qb7 30. b3 axb3 31. Bxb3 Ra6 32. Rxa6 Qxa6 33. Nh5 Ne8 34. Nf4 Nxf4 35. Rxf4 Nd6 36. Qh5 f5 37. Rf2 Qa5 38. Qe2 Qc7 39. Qa6 Qc6 40. Qxc6 Rxc6 41. Rd2 g5 42. g3 Ra6 43. Rd1 Kg6 44. Kf2 Kf6 45. Nd2 Ra7 46. Rc1 f4 47. Nf1 Nf5 48. Rd1 Rc7 49. g4 Nd6 50. Ra1 Rc3 51. Ra5 Nc4 52. Ra6 Ke7 53. Ke2 Nxe3 54. Kd2 Rxb3 55. cxb3 Nxf1+ 56. Ke2 Ng3+ 57. Kf2 e3+ 58. Kf3 Bd7 59. Rb6 Kd8 60. Rxh6 Bb5 61. Re6 Bd3 62. Rxe3 Be4+ 63. Kf2 Nh1+ 64. Ke2 fxe3 65. Kxe3 Bg2 0-1

[Event "26th OIBM 2023"]
[Site "Gmund am Tegernsee"]
[Date "2023.10.30"]
[Round "3.41"]
[White "Weishaeutel, Moritz"]
[Black "Tonndorf, Matthias"]
[Result "1-0"]
[ECO "B22"]
[WhiteElo "2403"]
[BlackElo "2206"]
[Annotator "RC"]
[PlyCount "101"]
[EventDate "2023.10.04"]
[EventType "swiss"]
[EventCountry "GER"]
[SourceTitle "playchess.com"]
[Source "ChessBase"]
[SourceQuality "1"]
[TimeControl "40/5400+30:1800+30"]

1. e4 c5 2. Nf3 e6 3. c3 d5 4. exd5 Qxd5 5. d4 Nf6 6. Na3 Be7 7. Nb5 Na6 8. Be2 O-O 9. O-O cxd4 10. Nfxd4 Qd8 11. Bf4 Nd5 12. Bg3 Bh4 13. Bxh4 Qxh4 14. Bf3 Rd8 15. Re1 Qf6 16. Qe2 Nf4 17. Qe3 Nd5 18. Qe5 Qxe5 19. Rxe5 Nb6 20. b3 f6 21. Rxe6 Bxe6 22. Bxb7 Bc8 23. Bxa8 Nxa8 24. Nxa7 Bb7 25. Re1 N8c7 26. f3 Nd5 27. c4 Nf4 28. Nab5 Nb4 29. Re7 Nc6 30. Rxb7 Nxd4 31. Nxd4 Rxd4 32. Kf2 g5 33. g3 Ne6 34. Ke2 Rd6 35. a4 Nd4+ 36. Ke3 f5 37. c5 Nc2+ 38. Ke2 Re6+ 39. Kd3 Ne1+ 40. Kd4 Nxf3+ 41. Kd5 Re2 42. c6 Rd2+ 43. Kc5 Ne5 44. c7 Rc2+ 45. Kd4 Nc6+ 46. Kd3 Nb4+ 47. Rxb4 Rxc7 48. a5 Kf7 49. a6 Ke6 50. Rb7 Rc1 51. a7 1-0

[Event "26th OIBM 2023"]
[Site "Gmund am Tegernsee"]
[Date "2023.10.30"]
[Round "3.42"]
[White "Womacka, Mathias"]
[Black "Khrapko, Marharyta"]
[Result "1-0"]
[ECO "B32"]
[WhiteElo "2371"]
[BlackElo "2170"]
[Annotator "RC"]
[PlyCount "103"]
[EventDate "2023.10.04"]
[EventType "swiss"]
[EventCountry "GER"]
[SourceTitle "playchess.com"]
[Source "ChessBase"]
[SourceQuality "1"]
[TimeControl "40/5400+30:1800+30"]

1. e4 c5 2. Nf3 Nc6 3. d4 cxd4 4. Nxd4 e5 5. Nb5 d6 6. N1c3 a6 7. Na3 Be7 8. Nc4 b5 9. Ne3 Nf6 10. Bd3 O-O 11. O-O Nb4 12. Be2 Bb7 13. a3 Nc6 14. Nf5 Ne8 15. Qd3 Bg5 16. Rd1 Bxc1 17. Raxc1 Qg5 18. h4 Qf6 19. Nd5 Qd8 20. c4 bxc4 21. Rxc4 g6 22. Rxc6 gxf5 23. Rc4 f4 24. Qh3 Kh8 25. Bg4 Bxd5 26. Rxd5 Nc7 27. Rd3 Nb5 28. Bf5 Nd4 29. Qg4 Qf6 30. Rcxd4 exd4 31. Qxf4 Rad8 32. Qg5 Qxg5 33. hxg5 d5 34. e5 Rfe8 35. f4 Rb8 36. b4 a5 37. Rxd4 axb4 38. axb4 Red8 39. Bd3 Rb6 40. b5 h6 41. gxh6 Rxh6 42. Kf2 Rh4 43. Bc4 f6 44. exf6 Rh5 45. g4 Rc8 46. gxh5 dxc4 47. Ke2 c3 48. Kd1 c2+ 49. Kc1 Kg8 50. b6 Kf7 51. b7 Rb8 52. Rb4 1-0

[Event "26th OIBM 2023"]
[Site "Gmund am Tegernsee"]
[Date "2023.10.30"]
[Round "3.43"]
[White "Schultz, Andreas"]
[Black "Reimann, Sebastian"]
[Result "0-1"]
[ECO "E94"]
[WhiteElo "2183"]
[BlackElo "2342"]
[Annotator "RC"]
[PlyCount "76"]
[EventDate "2023.10.04"]
[EventType "swiss"]
[EventCountry "GER"]
[SourceTitle "playchess.com"]
[Source "ChessBase"]
[SourceQuality "1"]
[TimeControl "40/5400+30:1800+30"]

1. d4 g6 2. e4 d6 3. c4 Bg7 4. Nc3 Nd7 5. Nf3 e5 6. Be2 Ngf6 7. O-O O-O 8. Be3 exd4 9. Nxd4 Re8 10. f3 c6 11. Nc2 Nb6 12. Qd2 Be6 13. b3 d5 14. cxd5 cxd5 15. e5 Nfd7 16. f4 f6 17. exf6 Nxf6 18. Rad1 Rc8 19. Nd4 Bg4 20. h3 Qe7 21. Bf2 Rxc3 22. Bxg4 Ne4 23. Qe1 Nxf2 24. Qxf2 Qc5 25. Bf3 Ree3 26. Ne2 Rc2 27. b4 Qe7 28. Rfe1 d4 29. Qf1 d3 30. Ng3 d2 31. Rxe3 Qxe3+ 32. Kh1 Rc1 33. Ne4 Qe1 34. Nxd2 Rxd1 35. Bxd1 Qxd2 36. Bb3+ Kh8 37. Qf3 Qe1+ 38. Kh2 Bd4 0-1

[Event "26th OIBM 2023"]
[Site "Gmund am Tegernsee"]
[Date "2023.10.30"]
[Round "3.44"]
[White "Lammers, Markus"]
[Black "Heinatz, Gundula"]
[Result "1-0"]
[ECO "B14"]
[WhiteElo "2336"]
[BlackElo "2148"]
[Annotator "RC"]
[PlyCount "77"]
[EventDate "2023.10.04"]
[EventType "swiss"]
[EventCountry "GER"]
[SourceTitle "playchess.com"]
[Source "ChessBase"]
[SourceQuality "1"]
[TimeControl "40/5400+30:1800+30"]

1. e4 c6 2. c4 d5 3. exd5 cxd5 4. d4 Nf6 5. Nc3 g6 6. cxd5 Bg7 7. Bc4 O-O 8. Nf3 Nbd7 9. O-O Nb6 10. Bb3 Nbxd5 11. Ne5 Be6 12. Re1 Nc7 13. Bg5 Bxb3 14. Qxb3 Rb8 15. d5 Nce8 16. Rad1 Nd6 17. h3 Re8 18. Qa4 h6 19. Bf4 a6 20. Qb4 Rc8 21. Qa4 b5 22. Qb4 a5 23. Qb3 g5 24. Bh2 b4 25. Na4 Qc7 26. Nc6 Bf8 27. Qf3 Kg7 28. Be5 Ra8 29. Nc5 Qc8 30. g4 Kg8 31. Bxf6 exf6 32. Qxf6 Qc7 33. Qf3 Bg7 34. Ne4 Bxb2 35. Nf6+ Bxf6 36. Qxf6 Kh7 37. Ne7 Qd7 38. Re5 Rf8 39. Re6 1-0